 Dungeon Crawl Stone Soup version 0.24.0-123-gd5b16e6ec5 (webtiles) character file.

Game seed: 13175489302578281419, levelgen mode: deterministic

23 Legadrian the Insei (level 3, 0/26 HPs)
             Began as a Human Transmuter on Feb 11, 2020.
             Slain by an adder (2 damage)
             ... on level 2 of the Dungeon.
             The game lasted 00:03:01 (1406 turns).

Legadrian the Insei (Human Transmuter)              Turns: 1406, Time: 00:03:03

Health: 0/26       AC:  2    Str: 10    XL:     3   Next: 12%
Magic:  3/6        EV: 12    Int: 14    God:
Gold:   69         SH:  0    Dex: 13    Spells: 3/6 levels left

rFire    . . .     SeeInvis .     - Unarmed
rCold    . . .     Gourm    .   (no shield)
rNeg     . . .     Faith    .   b - +0 robe
rPois    .         Spirit   .   (no helmet)
rElec    .         Reflect  .   (no cloak)
rCorr    .         Harm     .   (no gloves)
MR       .....                  (boots currently unavailable)
Stlth    +.........             (no amulet)
HPRegen  0.08/turn              (no ring)
MPRegen  0.10/turn              (no ring)

@: lethally poisoned (0 -> -8), appendage
A: talons 3
a: End Transformation


You were on level 2 of the Dungeon.
You were hungry.
You had grown temporary talons.
You visited 1 branch of the dungeon, and saw 2 of its levels.

You collected 69 gold pieces.

Inventory:

Missiles
 a - 11 arrows
 c - 18 stones (quivered)
Armour
 b - a +0 robe (worn)
Scrolls
 h - a scroll of fog {unknown}
 i - a scroll of teleportation {unknown}
 k - a scroll of enchant armour {unknown}
Potions
 e - a potion of curing {unknown}
 g - a potion of agility {unknown}
 j - a potion of heal wounds {unknown}
 l - a potion of lignification {unknown}
Comestibles
 d - a ration
 f - a chunk of flesh


   Skills:
 * Level 1.2 Fighting
 - Level 2.0 Dodging
 + Level 0.4 Stealth
 + Level 3.9 Unarmed Combat
 - Level 2.0 Spellcasting
 - Level 2.0 Transmutations


You had 3 spell levels left.
You knew the following spells:

 Your Spells              Type           Power        Failure   Level  Hunger
a - Beastly Appendage     Tmut           #.....       11%         1    ##.....
b - Sticks to Snakes      Tmut           #.......     16%         2    ###....

Your spell library contained the following spells:

 Spells                   Type           Power        Failure   Level  Hunger
 Spider Form              Tmut/Pois      #.........   43%         3    ####...
 Ice Form                 Ice/Tmut       #.......     83%         4    #####..
 Blade Hands              Tmut           #.........   96%         5    ######.


Dungeon Overview and Level Annotations

Branches:
Dungeon (2/15)

Altars:


Innate Abilities, Weirdness & Mutations

You have claws for feet.


Message History

The adder is severely wounded.
The adder bites you.
* * * LOW HITPOINT WARNING * * *
You are lethally poisoned!
The adder poisons you!
You closely miss the adder.
The adder is severely wounded.
* * * LOW HITPOINT WARNING * * *
You feel sick. The adder barely misses you.
You hit the adder but do no damage.
The adder is severely wounded.
The adder closely misses you.
Casting: Beastly Appendage (safe; 11% risk of failure)
Confirm with . or Enter, or press ? or * to list all spells.
Your feet morph into talons.
* * * LOW HITPOINT WARNING * * *
You feel sick. The adder bites you.
* * * LOW HITPOINT WARNING * * *
The adder bites you.
You die...

## #. #. #.
#.
#.########.#.
#..<)@Sh.....
#.########.#.
#. .. .#.
.##. #. ## .


You could see an adder and a jackal.

Vanquished Creatures
  A dart slug (D:2)
  2 giant cockroaches (D:1)
  A goblin (D:1)
  5 hobgoblins (D:1)
  A jackal (D:2)
  2 kobolds (D:1)
  4 bats (D:1)
  2 rats (D:1)
18 creatures vanquished.

Vanquished Creatures (collateral kills)
  A hobgoblin (D:2)
1 creature vanquished.

Grand Total: 19 creatures vanquished

Notes
Turn   | Place    | Note
-------+----------+-------------------------------------------
     0 | D:1      | Legadrian the Human Transmuter began the quest for the Orb.
     0 | D:1      | Reached XP level 1. HP: 15/15 MP: 3/3
   279 | D:1      | Reached XP level 2. HP: 20/21 MP: 5/5
  1384 | D:2      | Learned a level 2 spell: Sticks to Snakes
  1386 | D:2      | Reached XP level 3. HP: 23/26 MP: 3/6
  1406 | D:2      | Slain by an adder

Levels and vault maps discovered:
D:1:      minmay_arrival_loop, layout_basic
D:2:      layout_loops_ring, nicolae_overflow_hidden_temple

Action                   || total
-------------------------++-------
Melee: Unarmed           ||    72
       Kick              ||     2
       Headbutt          ||     3
 Cast: Beastly Appendage ||     6
       Sticks to Snakes  ||     1
 Stab: Sleeping          ||     3
  Eat: Chunk             ||     1
Armor: Robe              ||    14
Dodge: Dodged            ||    42
